 Dungeon Crawl Stone Soup version 0.17-a0-957-ga3519be (webtiles) character file.

2697 Hanyuu the Martial Artist (level 9, -14/58 HPs)
             Began as an Octopode Transmuter on May 7, 2015.
             Was an Elder of Makhleb.
             Shot with an arrow by a centaur (16 damage)
             ... on level 7 of the Dungeon.
             The game lasted 00:47:20 (7434 turns).

Hanyuu the Martial Artist (Octopode Transmuter)     Turns: 7434, Time: 00:47:21

Health: -14/58     AC:  2    Str:  9    XL:     9   Next: 65%
Magic:  12/15      EV: 22    Int: 19    God:    Makhleb [****..]
Gold:   425        SH:  0    Dex: 17    Spells: 5 memorised, 3 levels left

rFire  . . .     SeeInvis +       - Unarmed
rCold  . . .     Clarity  .     (shield currently unavailable)
rNeg   . . .     SustAb   .     (helmet currently unavailable)
rPois  x         Gourm    .     (no amulet)
rElec  .         Spirit   .     z - ring of see invisible
rCorr  .         Warding  .     (no ring)
rMut   .         Stasis   .     (no ring)
MR     .....                    (no ring)
Stlth  ++........               (no ring)
                                (no ring)
                                (no ring)
                                (no ring)

@: spider-form, not resistant to hostile enchantments, unstealthy
A: almost no armour, amphibious, 8 rings, (constrict 8), (camouflage 0),
(gelatinous body 0)
a: End Transformation, Minor Destruction, Lesser Servant of Makhleb, Major
Destruction, Renounce Religion


You were on level 7 of the Dungeon.
You worshipped Makhleb.
Makhleb was greatly pleased with you.
You were not hungry.
You were a venomous arachnid creature.
You visited 1 branch of the dungeon, and saw 7 of its levels.

You collected 425 gold pieces.

Inventory:

Hand weapons
 a - a +1 hunting sling of freezing (melded)
 l - a +3 mace
 q - a +3 dagger of holy wrath
 x - a +0 club
Missiles
 r - 16 sling bullets (quivered)
 t - 115 arrows
 A - 29 stones
 B - 4 tomahawks
 F - 11 arrows of flame
Armour
 w - a +1 hat (melded)
Jewellery
 z - a ring of see invisible (left front leg)
Magical devices
 h - a wand of paralysis (10)
Scrolls
 d - 2 scrolls of remove curse
 e - a scroll of teleportation
 f - 5 scrolls of amnesia
 i - a scroll of identify
 u - 3 scrolls of magic mapping
 v - 3 scrolls of recharging
Potions
 j - 3 potions of curing
 m - 2 potions of brilliance
 n - a potion of lignification
 o - 3 potions of might
 p - a potion of invisibility {unknown}
 s - 2 potions of cancellation
 C - a potion of flight
 D - a potion of poison {unknown}
Books
 b - a book of Changes

   Spells                             Type                      Level
   a - Beastly Appendage              Transmutation                1
   b - Sticks to Snakes               Transmutation                2
   c - Spider Form                    Transmutation/Poison         3
   d - Ice Form                       Ice/Transmutation            4
   e - Blade Hands                    Transmutation                5
 k - a Young Poisoner's Handbook

   Spells                             Type                      Level
   a - Sting                          Conjuration/Poison           1
   b - Cure Poison                    Poison                       2
   c - Mephitic Cloud                 Conjuration/Poison/Air       3
   d - Olgreb's Toxic Radiance        Poison                       4
   e - Venom Bolt                     Conjuration/Poison           5
Comestibles
 c - 7 bread rations
 g - 2 beef jerkies


   Skills:
 - Level 4.0 Fighting
 * Level 1.3 Slings
 - Level 4.2 Dodging
 * Level 9.6 Unarmed Combat
 - Level 4.0 Spellcasting
 + Level 1.0 Conjurations
 - Level 5.0 Transmutations
 - Level 3.3 Invocations


You had 3 spell levels left.
You knew the following spells:

 Your Spells              Type           Power        Failure   Level  Hunger
a - Beastly Appendage     Trmt           ###...       6%          1    None
b - Sticks to Snakes      Trmt           ###.......   10%         2    ##.....
c - Spider Form           Trmt/Pois      ##........   32%         3    ###....
d - Ice Form              Ice/Trmt       ##......     71%         4    ####...
e - Mephitic Cloud        Conj/Pois/Air  #.......     61%         3    ###....


Dungeon Overview and Level Annotations

Branches:
Dungeon (7/15)             Temple (0/1) D:5

Altars:
Cheibriados
Dithmenos
Gozag
Makhleb
Okawaru
Qazlal
Ru
Sif Muna
Xom
Yredelemnul
Zin
The Shining One

Shops:
D:4 *


Innate Abilities, Weirdness & Mutations

You cannot wear most types of armour.
You are amphibious.
You can wear up to eight rings at the same time.
((You can use your tentacles to constrict eight enemies at once.))
((Your skin changes colour to match your surroundings (Stealth).))
((Your rubbery body absorbs attacks (AC +1).))


Message History

The centaur shoots an arrow.
The arrow hits you!
* * * LOW HITPOINT WARNING * * *
The centaur shoots an arrow.
The arrow closely misses you.
You see here an arrow.
The centaur shoots an arrow.
The arrow hits you!
* * * LOW HITPOINT WARNING * * *
You see here an arrow.
Unknown command.
Read which item? (? for menu, Esc to quit)
Okay, then.
Drink which item? (? for menu, Esc to quit)
Okay, then.
Casting: Spider Form
Confirm with . or Enter, or press ? or * to list all spells.
You turn into a venomous arachnid creature.
Your +1 hunting sling of freezing melds into your body.
Your +1 hat melds into your body.
Your +1 hunting sling of freezing stops glowing.
The centaur shoots an arrow.
The arrow hits you!
You die...

### ##. #######... #..
#......... #.# #.........
#.# #.....(... #.#
###########......... ##.#
#........##....c.....#...
#........................
#.......s##†.....###.....
###.#....((####### #.####
#.....(..# # ###...######
#####......# #..........#
##.##......# #.#####..##
#........#


You could see a centaur.

Vanquished Creatures
  Sigmund (D:2)
  The ghost of oplop the Gusty, an average TeAE of Vehumet (D:5)
  A hungry ghost (D:7)
  2 sky beasts
  An ice beast (D:5)
  2 phantoms
  5 ogres
  4 centaurs
  3 giant frogs
  A crimson imp (D:5)
  A vampire bat (D:3)
  A centaur zombie (D:7)
  6 hounds
  Ijyb (D:2)
  A jelly (D:7)
  An orc wizard (D:4)
  A giant frog skeleton (D:5)
  3 iguanas
  5 worker ants
  A mummy (D:5)
  6 adders
  A shadow imp (D:5)
  An ooze (D:1)
  An adder zombie (D:6)
  3 worms
  4 giant geckos
  14 orcs
  2 spectral bats (D:3)
  19 bats
  A bat simulacrum (D:3)
  3 bat skeletons (D:3)
  2 bat zombies
  3 fire bats (D:3)
  4 giant cockroaches
  12 hobgoblins
  14 jackals
  A giant cockroach zombie (D:6)
  6 giant newts
  9 goblins
  8 kobolds
  2 quokkas
  A quokka skeleton (D:6)
  9 rats
168 creatures vanquished.

Notes
Turn   | Place    | Note
--------------------------------------------------------------
     0 | D:1      | Hanyuu, the Octopode Transmuter, began the quest for the Orb.
     0 | D:1      | Reached XP level 1. HP: 13/13 MP: 3/3
   681 | D:1      | Reached XP level 2. HP: 18/18 MP: 5/5
  1280 | D:2      | Noticed a water elemental
  1286 | D:2      | Noticed an earth elemental
  1287 | D:2      | Found a stormy altar of Qazlal.
  1290 | D:2      | Noticed an air elemental
  1295 | D:2      | Noticed a fire elemental
  1311 | D:2      | Reached skill level 4 in Unarmed Combat
  1320 | D:2      | Reached XP level 3. HP: 16/23 MP: 6/6
  1324 | D:2      | Learned a level 2 spell: Sticks to Snakes
  1328 | D:2      | Learned a level 3 spell: Spider Form
  1581 | D:2      | Found a sacrificial altar of Ru.
  1581 | D:2      | Found a burning altar of Makhleb.
  1613 | D:2      | Became a worshipper of Makhleb the Destroyer
  1939 | D:2      | Noticed Sigmund
  1957 | D:2      | Killed Sigmund
  1957 | D:2      | Reached skill level 5 in Unarmed Combat
  1957 | D:2      | Reached XP level 4. HP: 10/28 MP: 3/7
  1957 | D:2      | Reached XP level 5. HP: 11/33 MP: 3/8
  2246 | D:2      | Noticed Ijyb
  2255 | D:2      | Killed Ijyb
  2255 | D:2      | Reached XP level 6. HP: 31/38 MP: 5/9
  2474 | D:3      | Found a deep blue altar of Sif Muna.
  2548 | D:3      | Noticed an angel
  2552 | D:3      | Found a glowing silver altar of Zin.
  2552 | D:3      | Found a shimmering altar of Xom.
  2639 | D:3      | Found a basalt altar of Yredelemnul.
  2708 | D:3      | Acquired Makhleb's first power
  3218 | D:3      | Found an iron altar of Okawaru.
  3266 | D:3      | Acquired Makhleb's second power
  3643 | D:4      | Reached XP level 7. HP: 31/45 MP: 10/10
  3775 | D:4      | Reached skill level 6 in Unarmed Combat
  3938 | D:4      | Upgraded the game from 0.17-a0-945-g601bd79 to 0.17-a0-957-ga3519be
  4060 | D:4      | Learned a level 4 spell: Ice Form
  4218 | D:4      | Found a glowing golden altar of the Shining One.
  4313 | D:4      | Found Gozag's Platinum Reserve.
  4315 | D:4      | Found an opulent altar of Gozag.
  4476 | D:5      | Entered Level 5 of the Dungeon
  4574 | D:5      | Reached skill level 7 in Unarmed Combat
  4574 | D:5      | Reached XP level 8. HP: 29/52 MP: 12/12
  4748 | D:5      | Noticed oplop's ghost (average TeAE)
  4983 | D:5      | Acquired Makhleb's third power
  5144 | D:5      | Killed oplop's ghost
  5312 | D:5      | Reached skill level 8 in Unarmed Combat
  5397 | D:5      | Found a staircase to the Ecumenical Temple.
  5561 | D:5      | Found a snail-covered altar of Cheibriados.
  5918 | D:6      | Reached skill level 1 in Invocations
  5918 | D:6      | Reached XP level 9. HP: 16/58 MP: 9/15
  6111 | D:6      | Found a shadowy altar of Dithmenos.
  6265 | D:6      | Acquired Makhleb's fourth power
  6580 | D:6      | Reached skill level 9 in Unarmed Combat
  7103 | D:7      | Reached skill level 5 in Transmutations
  7114 | D:7      | Learned a level 3 spell: Mephitic Cloud
  7404 | D:7      | Reached skill level 1 in Slings
  7404 | D:7      | Reached skill level 1 in Conjurations
  7433 | D:7      | HP: 1/58 [centaur/arrow (11)]
  7434 | D:7      | Shot with an arrow by a centaur

Action                   |  1- 3 |  4- 6 |  7- 9 || total
-------------------------+-------+-------+-------++-------
Melee: Unarmed           |    79 |   104 |   313 ||   496
       Mace              |    10 |     5 |       ||    15
 Fire: Hunting sling     |       |     6 |    21 ||    27
 Cast: Spider Form       |     2 |     5 |    23 ||    30
       Beastly Appendage |     1 |     2 |     5 ||     8
 Abil: End Transformatio |       |       |     1 ||     1
  Use: Scroll            |     1 |     2 |    15 ||    18
       Potion            |     1 |       |     3 ||     4
 Stab: Sleeping          |     3 |     2 |     5 ||    10
  Eat: Chunk             |     2 |     3 |    10 ||    15
       Meat ration       |       |     1 |     2 ||     3
       Fruit             |       |       |     4 ||     4
